 Dungeon Crawl Stone Soup version 0.21.1-1-g345015f (webtiles) character file.

55434 Mesmaeker13 the Frost Mage (level 14, -9/82 HPs)
             Began as a Gargoyle Ice Elementalist on Apr 13, 2018.
             Was a High Priest of Sif Muna.
             Mangled by a death knight
             ... wielding a +0 glaive
              (12 damage)
             ... on level 13 of the Dungeon.
             The game lasted 01:10:19 (31285 turns).

Mesmaeker13 the Frost Mage (GrIE)                  Turns: 31285, Time: 01:10:19

Health: -9/82      AC: 22    Str: 13    XL:     14   Next: 77%
Magic:  1/35       EV: 20    Int: 23    God:    Sif Muna [*****.]
Gold:   1530       SH:  5    Dex: 10    Spells: 9/29 levels left

rFire    . . .     SeeInvis .   Y - +3 morningstar "Ahug" {freeze, rElec rC- Int+3 Stlth+}
rCold    . . .     Gourm    .   O - +0 buckler
rNeg     + . .     Faith    +   T - +0 robe {MR+}
rPois    ∞         Spirit   .   k - +0 helmet
rElec    +         Reflect  .   I - +2 cloak {MR+}
rCorr    .         Harm     .   g - +0 pair of gloves "Dasakk" {rC+ Regen+}
MR       +++..                  n - +2 pair of boots
Stlth    +++.......             f - amulet of faith
HPRegen  0.63/turn              m - +4 ring of evasion
MPRegen  0.24/turn              r - ring of magical power

@: no status effects
A: big wings, negative energy resistance 1, electricity resistance, unbreathing,
petrification resistance, rot immunity, AC +10
a: Fly, Divine Energy, Channel Magic, Forget Spell, Renounce Religion


You were on level 13 of the Dungeon.
You worshipped Sif Muna.
Sif Muna was extremely pleased with you.
You were hungry.

You visited 4 branches of the dungeon, and saw 22 of its levels.
You also visited: Sewer.

You collected 1530 gold pieces.

Inventory:

Hand Weapons
 Y - the +3 morningstar "Ahug" (weapon) {freeze, rElec rC- Int+3 Stlth+}
   (You found it on level 3 of the Lair of Beasts)

   It has been specially enchanted to freeze those struck by it, causing extra
   injury to most foes and up to half again as much damage against particularly
   susceptible opponents.
   It can also slow down cold-blooded creatures.
   It affects your intelligence (+3).
   It makes you vulnerable to cold.
   It insulates you from electricity.
   It makes you more stealthy.
Missiles
 u - a throwing net (quivered)
Armour
 g - the +0 pair of gloves "Dasakk" (worn) {rC+ Regen+}
   (You found it on level 7 of the Dungeon)

   It protects you from cold.
   It increases your rate of regeneration.
 k - a +0 helmet (worn)
 n - a +2 pair of boots (worn)
 I - a +2 cloak of magic resistance (worn)
 O - a +0 buckler (worn)
 T - a +0 robe of magic resistance (worn)
Jewellery
 e - an uncursed ring of protection from cold
 f - an amulet of faith (around neck)
 m - a +4 ring of evasion (left hand)
 o - an uncursed ring of protection from cold
 q - an uncursed ring of fire
 r - a ring of magical power (right hand)
 y - an uncursed amulet of magic regeneration
Wands
 d - a wand of iceblast (4)
 h - a wand of enslavement (11)
 t - a wand of digging (14)
 Q - a wand of clouds (3)
Scrolls
 b - 2 scrolls of fear
 i - a scroll of summoning
 l - 5 scrolls of remove curse
 w - 5 scrolls of teleportation
 A - 3 scrolls of magic mapping
 B - a scroll of fog
 W - a scroll of blinking
Potions
 j - a potion of agility
 v - 6 potions of curing
 x - 5 potions of brilliance
 z - 4 potions of cancellation
 C - 3 potions of mutation
 E - 3 potions of might
 H - 3 potions of magic {unknown}
 J - 6 potions of heal wounds
 K - a potion of degeneration {unknown}
 M - 4 potions of lignification {unknown}
 V - a potion of invisibility
Comestibles
 a - 9 chunks of flesh
 c - 17 rations


   Skills:
 - Level 7.1 Fighting
 - Level 6.1 Maces & Flails
 - Level 6.0 Armour
 + Level 10.1 Dodging
 - Level 2.1 Stealth
 + Level 5.8 Shields
 - Level 8.2 Spellcasting
 - Level 7.5 Conjurations
 - Level 7.0 Hexes
 + Level 6.9 Summonings
 + Level 2.9 Translocations
 - Level 11.0 Ice Magic
 - Level 6.2 Earth Magic


You had 9 spell levels left.
You knew the following spells:

 Your Spells              Type           Power        Failure   Level  Hunger
a - Summon Forest         Summ/Tloc      ####......   24%         5    #####..
b - Fulminant Prism       Conj/Hex       #####.....   3%          4    ###....
c - Throw Icicle          Conj/Ice       ######..     1%          4    ###....
d - Summon Ice Beast      Ice/Summ       ######..     1%          4    ###....
e - Stone Arrow           Conj/Erth      #####.       1%          3    None


Dungeon Overview and Level Annotations

Branches:
Dungeon (13/15)            Temple (1/1) D:4            Lair (6/6) D:11
 Shoals (0/4) Lair:3        Snake (0/4) Lair:3        Slime (0/5) Lair:6
    Orc (2/2) D:9             Elf (0/3) Orc:2
 Vaults: D:13-14

Altars:
Ashenzari
Cheibriados
Dithmenos
Elyvilon
Fedhas
Gozag
Hepliaklqana
Kikubaaqudgha
Makhleb
Nemelex Xobeh
Qazlal
Ru
Sif Muna
Trog
Uskayaw
Vehumet
Wu Jian
Xom
Yredelemnul
Zin
The Shining One
Beogh
Jiyva

Annotations:
D:7 soepske's ghost, novice DsBe
Lair:6 1 runed door
Orc:2 bartek7090's ghost, journeyman MiBe


Innate Abilities, Weirdness & Mutations

You are resistant to torment.
Your stone body is resilient. (AC +10)
You are immune to poison.
Your large and strong wings let you fly indefinitely.
You resist negative energy. (rN+)
You are resistant to electric shocks. (rElec)
You can survive without breathing.
You are immune to petrification.
You are immune to rotting.


Message History

You puncture the death knight! You freeze the death knight.
The death knight is almost dead.
The death knight reflects your damage back at you!
Your ice beast disappears in a puff of smoke!
Your ice beast completely misses the death knight.
The death knight hits you with a glaive!
You barely miss the death knight.
The death knight is almost dead.
The phantasmal warrior hits you.
Your ice beast barely misses the death knight.
The death knight hits you with a glaive!
Unknown command.
You barely miss the death knight.
The death knight is almost dead.
The phantasmal warrior hits you!!
* * * LOW HITPOINT WARNING * * *
Your ice beast hits the death knight but does no damage.
The phantasmal warrior barely misses you.
The death knight hits you with a glaive!
You die...

#+#############
.....[...#.....
.........Yp#
.[.....[.W@#
####+#####.# #.#
#.# #.# ###.#
#.#.############
#............^.#
######.#######.##


You could see a death knight, a phantasmal warrior and a friendly ice beast.

Vanquished Creatures
  A stone giant (Orc:2)
  2 hydras
  3 two-headed ogres
  A catoblepas (Lair:6)
  A centaur warrior (D:12)
  8 death yaks
  Sonja (Lair:3)
  Urug (Lair:5)
  2 unseen horrors
  Pikel (D:7)
  7 elephants
  2 cyclopes
  2 manticores
  A merfolk siren (Lair:3)
  3 black mambas (Lair:5)
  A gargoyle (D:12)
  A centaur skeleton (D:12)
  6 spiny frogs
  A kobold demonologist (D:7)
  9 komodo dragons
  5 trolls
  Grinder (D:4)
  Prince Ribbit (D:7)
  2 blink frogs (Lair:5)
  8 hippogriffs
  2 wyverns (D:10)
  4 basilisks
  A wraith (D:10)
  33 yaks
  Grum (D:8)
  A warg (Orc:1)
  2 nagas (Lair:3)
  11 water moccasins
  5 porcupines
  10 orc warriors
  2 sky beasts
  2 ice beasts
  An eye of draining (D:12)
  4 black bears
  11 wolves
  8 ogres
  6 centaurs
  12 crocodiles
  3 big kobolds
  21 bullfrogs
  6 gnoll sergeants
  A wyvern skeleton (D:11)
  6 scorpions
  8 killer bees
  13 wights
  2 electric eels
  5 howler monkeys
  A lava snake (Lair:3)
  A bullfrog zombie (D:4)
  7 crimson imps
  2 quasits
  3 hounds
  6 orc priests
  3 jellies
  Jessica (D:3)
  2 iguanas (D:9)
  9 worker ants
  8 orc wizards
  A big kobold zombie (Sewer)
  2 hound zombies
  A hound skeleton (D:5)
  A mummy (D:5)
  17 gnolls
  21 adders
  4 river rats (D:4)
  5 shadow imps
  2 ufetubi (Sewer)
  An ooze (Sewer)
  2 adder skeletons
  6 worms
  A dart slug (D:1)
  5 leopard geckos
  41 orcs
  A ball python (D:2)
  13 bats
  7 giant cockroaches
  12 hobgoblins
  A quokka (D:3)
  6 frilled lizards
  A giant cockroach zombie (Sewer)
  8 goblins
  A hobgoblin zombie (D:5)
  A jackal zombie (D:8)
  22 kobolds
  3 kobold zombies
  3 leopard gecko skeletons
  A leopard gecko zombie (D:9)
  An orc zombie (D:5)
  A quokka skeleton (D:7)
  6 rats
493 creatures vanquished.

Vanquished Creatures (collateral kills)
  Rupert (Lair:5)
  Snorg (Lair:4)
  3 catoblepae
  2 hydras
  A two-headed ogre (D:12)
  10 death yaks
  A manticore (Lair:6)
  A cyclops (D:11)
  3 elephants (Lair:6)
  A black mamba (Lair:3)
  A spiny frog (Lair:6)
  3 komodo dragons
  A rime drake (Lair:5)
  A troll (D:13)
  A polar bear (Lair:3)
  A hippogriff (Lair:6)
  5 blink frogs
  18 yaks
  A wyvern (Lair:3)
  A hungry ghost (D:9)
  A warg (Orc:1)
  An orc warrior (Orc:2)
  A phantom (D:8)
  An ogre (Orc:2)
  2 wolves
  A crocodile (Lair:4)
  3 wights (D:11)
  2 orc priests
  An orc wizard (Orc:1)
  2 gnolls (D:9)
  6 orcs (Orc:2)
  A fungus (Lair:4)
79 creatures vanquished.

Vanquished Creatures (others)
  A steam dragon (D:8)
  A slave (D:8)
  A big kobold zombie (Sewer)
  8 fulminant prisms
  6 fungi
  24 plants
41 creatures vanquished.

Grand Total: 613 creatures vanquished

Notes
Turn   | Place    | Note
-------+----------+-------------------------------------------
     0 | D:1      | Mesmaeker13 the Gargoyle Ice Elementalist began the quest for the Orb.
     0 | D:1      | Reached XP level 1. HP: 10/10 MP: 3/3
   429 | D:1      | Reached XP level 2. HP: 15/15 MP: 0/5
  1560 | D:1      | Learned a level 2 spell: Throw Frost
  1570 | D:2      | Reached XP level 3. HP: 16/19 MP: 1/6
  2070 | D:1      | Reached XP level 4. HP: 24/24 MP: 4/7
  2172 | D:1      | Reached skill level 4 in Ice Magic
  2679 | D:2      | Found an ancient bone altar of Kikubaaqudgha.
  2681 | D:2      | Found a shadowy altar of Dithmenos.
  2695 | D:2      | Found a white marble altar of Elyvilon.
  2698 | D:2      | Found an ornate altar of the Wu Jian Council.
  2786 | D:3      | Reached XP level 5. HP: 28/28 MP: 4/8
  2963 | D:3      | Noticed Jessica
  2969 | D:3      | Killed Jessica
  3316 | D:3      | Noticed an ice beast
  3437 | D:3      | Reached XP level 6. HP: 32/32 MP: 2/9
  3496 | D:4      | Noticed Grinder
  3682 | D:4      | Found a glowing drain.
  3687 | Sewer    | Entered a sewer
  3971 | Sewer    | Learned a level 4 spell: Throw Icicle
  4259 | Sewer    | Found a burning altar of Makhleb.
  4281 | Sewer    | Reached skill level 5 in Ice Magic
  4281 | Sewer    | Reached XP level 7. HP: 32/36 MP: 0/10
  4519 | Sewer    | Paralysed by a kobold for 7 turns
  5130 | D:4      | Found a staircase to the Ecumenical Temple.
  5145 | Temple   | Entered the Ecumenical Temple
  5314 | Temple   | Became a worshipper of Sif Muna the Loreminder
  5611 | D:5      | Entered Level 5 of the Dungeon
  5929 | D:5      | Reached skill level 5 in Conjurations
  6054 | D:5      | Reached XP level 8. HP: 35/41 MP: 4/11
  6148 | D:4      | Reached skill level 6 in Ice Magic
  6429 | D:5      | Reached * piety under Sif Muna
  6864 | D:4      | Reached skill level 5 in Dodging
  7337 | D:4      | Killed Grinder
  7828 | D:3      | Reached skill level 7 in Ice Magic
  7853 | D:3      | Found a faded altar of an unknown god.
  7902 | D:3      | Reached ** piety under Sif Muna
  8197 | D:6      | Reached XP level 9. HP: 40/45 MP: 12/12
  9095 | D:6      | Found a blossoming altar of Fedhas.
  9599 | D:7      | Got a pair of twisted gloves
  9610 | D:7      | Identified the cursed +0 pair of gloves "Dasakk" {rC+ Regen+} (You found it on level 7 of the Dungeon)
  9659 | D:7      | Found a sparkling altar of Nemelex Xobeh.
  9660 | D:7      | Found an opulent altar of Gozag.
  9709 | D:7      | Learned a level 4 spell: Summon Ice Beast
  9737 | D:7      | Noticed Prince Ribbit
  9744 | D:7      | Killed Prince Ribbit
  9744 | D:7      | Reached skill level 1 in Summonings
  9744 | D:7      | Reached skill level 8 in Ice Magic
  9859 | D:7      | Reached *** piety under Sif Muna
 10045 | D:7      | Found a burning altar of Makhleb.
 10276 | D:7      | Noticed soepske's ghost (novice DsBe)
 10570 | D:8      | Noticed a cyclops
 10575 | D:8      | Noticed a kobold demonologist
 10584 | D:7      | Reached XP level 10. HP: 48/50 MP: 5/13
 10698 | D:8      | Noticed a two-headed ogre
 11002 | D:6      | Killed a two-headed ogre
 11002 | D:6      | Reached **** piety under Sif Muna
 11002 | D:6      | Reached skill level 9 in Ice Magic
 11128 | D:8      | Noticed an orange demon
 11139 | D:7      | Killed a kobold demonologist
 11293 | D:8      | Noticed Pikel
 11318 | D:7      | Killed Pikel
 11636 | D:8      | Noticed Grum
 11703 | D:8      | Killed Grum
 11729 | D:8      | Reached skill level 5 in Summonings
 12068 | D:7      | Killed a cyclops
 12251 | D:9      | Noticed a two-headed ogre
 12286 | D:9      | Killed a two-headed ogre
 12286 | D:9      | Reached ***** piety under Sif Muna
 12286 | D:9      | Reached skill level 10 in Ice Magic
 12286 | D:9      | Reached XP level 11. HP: 39/54 MP: 0/14
 12620 | D:9      | Identified Sif Muna's Catalogue of Confrontation and the Escort (Sif Muna gifted it to you on level 9 of the Dungeon)
 12620 | D:9      | Received a gift from Sif Muna
 13013 | D:9      | Learned a level 4 spell: Fulminant Prism
 13263 | D:9      | Reached skill level 1 in Hexes
 13399 | D:9      | Reached skill level 1 in Shields
 13659 | D:9      | Found a staircase to the Orcish Mines.
 13740 | D:9      | Found a shimmering altar of Xom.
 14380 | D:10     | Entered Level 10 of the Dungeon
 16549 | D:11     | Found a staircase to the Lair.
 16558 | D:11     | Reached skill level 11 in Ice Magic
 16742 | Lair:1   | Entered Level 1 of the Lair of Beasts
 17351 | Lair:1   | Reached skill level 1 in Fighting
 17351 | Lair:1   | Reached skill level 1 in Armour
 18124 | Lair:1   | Reached XP level 12. HP: 62/62 MP: 7/16
 18271 | Lair:1   | Identified Sif Muna's Incunabulum of Enthralling Confrontation (Sif Muna gifted it to you on level 1 of the Lair of Beasts)
 18271 | Lair:1   | Received a gift from Sif Muna
 19330 | Lair:2   | Noticed a four-headed hydra
 19335 | Lair:2   | Killed a four-headed hydra
 19459 | Lair:1   | Reached skill level 5 in Hexes
 20391 | Lair:3   | Got a heavily runed lead ring
 20507 | Lair:3   | Noticed Sonja
 20515 | Lair:3   | Identified the ring "Ogihobyl" {+Fly rC+} (You found it on level 3 of the Lair of Beasts)
 20538 | Lair:3   | Killed Sonja
 20657 | Lair:3   | Reached skill level 5 in Armour
 20710 | Lair:3   | Found a staircase to the Shoals.
 20764 | Lair:3   | Reached skill level 5 in Fighting
 20764 | Lair:3   | Reached skill level 5 in Spellcasting
 20910 | Lair:3   | Found a staircase to the Snake Pit.
 20920 | Lair:3   | Noticed a four-headed hydra
 20934 | Lair:3   | Killed a four-headed hydra
 21147 | Lair:3   | Noticed a death yak
 21148 | Lair:3   | Noticed a death yak
 21165 | Lair:3   | Noticed a death yak
 21196 | Lair:2   | Killed a death yak
 21495 | Lair:3   | Killed a death yak
 21503 | Lair:3   | Killed a death yak
 21653 | Lair:3   | Reached XP level 13. HP: 74/74 MP: 21/21
 21702 | Lair:3   | Got a blackened morningstar
 21705 | Lair:3   | Identified the +3 morningstar "Ahug" {freeze, rElec rC- Int+3 Stlth+} (You found it on level 3 of the Lair of Beasts)
 21819 | Lair:4   | Reached skill level 1 in Maces & Flails
 23703 | Lair:5   | Received a gift from Sif Muna
 23918 | Lair:5   | Learned a level 3 spell: Stone Arrow
 24044 | Lair:5   | Reached skill level 1 in Earth Magic
 24383 | Lair:5   | Noticed Snorg
 24384 | Lair:5   | Noticed Rupert
 24407 | Lair:4   | Killed Snorg
 24612 | Lair:5   | Noticed Urug
 24633 | Lair:5   | Killed Urug
 24709 | Lair:5   | Killed Rupert
 25511 | Lair:6   | Entered Level 6 of the Lair of Beasts
 25692 | Lair:5   | Reached skill level 5 in Maces & Flails
 25876 | Lair:6   | Gained mutation: Your large and strong wings let you fly indefinitely. [Gargoyle growth]
 25876 | Lair:6   | Reached XP level 14. HP: 55/82 MP: 13/25
 26326 | Lair:6   | Reached skill level 5 in Earth Magic
 26544 | Lair:6   | Found a runed door.
 26544 | Lair:6   | Found a viscous altar of Jiyva.
 26544 | Lair:6   | Found a staircase to the Slime Pits.
 27476 | Lair:6   | Identified Sif Muna's Papyrus of Harmful Sinister Magic (Sif Muna gifted it to you on level 6 of the Lair of Beasts)
 27476 | Lair:6   | Received a gift from Sif Muna
 28156 | Lair:1   | Learned a level 5 spell: Summon Forest
 28221 | Orc:1    | Entered Level 1 of the Orcish Mines
 28286 | Orc:1    | Found a roughly hewn altar of Beogh.
 28407 | Orc:2    | Entered Level 2 of the Orcish Mines
 28601 | Orc:2    | Noticed a stone giant
 28692 | Orc:2    | Killed a stone giant
 28692 | Orc:2    | Reached skill level 1 in Translocations
 28805 | Orc:2    | Noticed bartek7090's ghost (journeyman MiBe)
 29581 | D:11     | Reached skill level 5 in Shields
 30590 | D:12     | Reached skill level 10 in Dodging
 31285 | D:13     | HP: 3/82 [phantasmal warrior[a death knight] (28)]
 31285 | D:13     | Mangled by a death knight

Skill      XL: |  1  2  3  4  5  6  7  8  9 10 11 12 13 14 |
---------------+-------------------------------------------+-----
Dodging        | 2 3 4 5 6 8 9 10 | 10.1
Conjurations   | 2 3 4 5 6 7 |  7.5
Ice Magic      | 4 5 7 8 10 11 | 11.0
Summonings     | 3 5 6 |  6.9
Hexes          | 4 6 7 |  7.0
Shields        | 4 5 |  5.8
Fighting       | 2 5 7 |  7.1
Armour         | 2 6 |  6.0
Spellcasting   | 3 5 7 8 |  8.2
Maces & Flails | 5 6 |  6.1
Earth Magic    | 4 6 |  6.2
Translocations | 2 |  2.9
Stealth        | |  2.1

Action                   |  1- 3 |  4- 6 |  7- 9 | 10-12 | 13-15 || total
-------------------------+-------+-------+-------+-------+-------++-------
Melee: Unarmed           |     8 |       |       |       |       ||     8
       Whip              |    39 |   158 |   102 |   371 |       ||   670
       Dagger            |       |       |   337 |   167 |       ||   504
       Morningstar       |       |       |       |       |   472 ||   472
Throw: Throwing net      |       |       |       |       |     1 ||     1
 Cast: Freeze            |    50 |   102 |   169 |   423 |   221 ||   965
       Throw Icicle      |       |     2 |    28 |    59 |    84 ||   173
       Throw Frost       |       |     1 |     7 |       |       ||     8
       Summon Ice Beast  |       |       |       |    32 |   104 ||   136
       Fulminant Prism   |       |       |       |     5 |     3 ||     8
Invok: Channel Magic     |       |       |       |       |     1 ||     1
       Forget Spell      |       |       |       |       |     1 ||     1
Evoke: Wand              |       |       |     9 |    20 |     2 ||    31
  Use: Scroll            |     3 |     1 |     6 |     8 |     8 ||    26
       Potion            |       |     3 |       |     4 |     3 ||    10
 Stab: Sleeping          |     4 |     1 |     5 |     4 |     8 ||    22
       Paralysed         |       |       |    29 |     8 |       ||    37
       Distracted        |       |       |     1 |     1 |     2 ||     4
       Invisible         |       |       |       |     1 |       ||     1
  Eat: Chunk             |     4 |     7 |    14 |    30 |    32 ||    87
       Ration            |       |     1 |     4 |    10 |     3 ||    18
Armor: Robe              |    42 |    81 |   208 |    64 |   311 ||   706
       Steam dragon scal |       |       |       |   284 |       ||   284
Dodge: Dodged            |    96 |   269 |   586 |   977 |   670 ||  2598
Block: Buckler           |       |       |       |    83 |   168 ||   251
